AoeStats
← p1mple

Arabia

507977060Analyzed
1v1 RM · 13d ago on Sep 20, 2026· 46m 9s· 2 players
Game mode
Random Map
Map size
Tiny (2 player)
Population
200
Speed
Normal
Resources
Standard
Victory
Conquest
Starting age
Dark Age
Ending age
Imperial Age
RankedLock teamsTeams togetherTeam positionsShared explorationLock speedFull tech treeHidden civsTurbo modeCheats
Victory
Defeat
🇧🇷 Magyars · Brazil
707
+16
🇩🇪 Franks · Germany
708
-16
HasaN
1:17 Loom
7:08 Loom
10:25 Feudal Age
11:32 Double-Bit Axe
14:50 Horse Collar
22:02 Castle Age
20:41 Wheelbarrow
22:13 Scale Barding Armor
23:53 Bloodlines
23:44 Gold Mining
32:46 Hand Cart
34:09 Chain Barding Armor
33:42 Town Watch
35:03 Town Patrol
35:55 Gold Shaft Mining
40:01 Imperial Age
39:27 Husbandry
39:49 Fletching
40:00 Padded Archer Armor
40:01 Elite Skirmisher
41:25 Thumb Ring
41:21 Bodkin Arrow
41:41 Leather Archer Armor
42:46 Conscription
43:35 Bracer
44:06 Ring Archer Armor
44:12 Plate Barding Armor
43:07 Cavalier
44:49 Paladin
p1mple
7:01 Loom
11:46 Feudal Age
12:34 Double-Bit Axe
14:24 Town Watch
21:47 Wheelbarrow
23:57 Scale Barding Armor
24:06 Forging
27:15 Castle Age
25:55 Forging
28:25 Squires
32:12 Pikeman
32:52 Squires
33:32 Gold Mining
36:38 Iron Casting
36:03 Scale Mail Armor
38:35 Hand Cart
38:21 Town Patrol
41:15 Chain Mail Armor
43:03 Bow Saw
44:28 Arson
Connection lost

Rejoining the realm…

Still unreachable

The connection could not be restored.

Session expired

The server has moved on; the page needs a fresh start.